AoeStats
← 玩印度的哥们硬不起来

Arena

510311677Analyzed
4v4 RM · 1d ago on Sep 30, 2026· 44m 9s· 8 players
Game mode
Random Map
Map size
Large (8 player)
Population
200
Speed
Normal
Resources
Standard
Victory
Conquest
Starting age
Dark Age
Ending age
Imperial Age
RankedLock teamsTeams togetherTeam positionsShared explorationLock speedFull tech treeHidden civsTurbo modeCheats
Victory
Defeat
🇦🇷 Italians · Argentina
1543
+14
🇨🇳 Bulgarians · China
1535
+14
1465
+17
1448
+18
🇨🇳 Khmer · China
1502
-16
🇨🇳 Danes · China
1500
-16
🇨🇳 Italians · China
1489
-16
🇨🇳 Saxons · China
1479
-15
玩印度的哥们硬不起来
4:58 Loom
10:54 Feudal Age
14:54 Castle Age
13:29 Horse Collar
13:37 Double-Bit Axe
15:48 Wheelbarrow
17:20 Heavy Plow
20:44 Bow Saw
21:10 Gold Mining
23:19 Szlachta Privileges
23:29 Scale Barding Armor
23:54 Bloodlines
24:26 Husbandry
24:48 Chain Barding Armor
26:07 Forging
27:48 Iron Casting
29:34 Hand Cart
34:30 Imperial Age
34:34 Cavalier
36:15 Blast Furnace
35:37 Conscription
36:13 Light Cavalry
37:28 Lechitic Legacy
37:53 Winged Hussar
39:17 Crop Rotation
41:47 Capped Ram
43:10 Siege Ram
[QHB] Noel Vermillion
10:16 Feudal Age
14:12 Castle Age
13:04 Horse Collar
13:11 Double-Bit Axe
19:17 Fervor
22:09 Loom
23:33 Wheelbarrow
23:18 Bow Saw
23:30 Heavy Plow
24:15 Stone Mining
29:24 Imperial Age
27:19 Bloodlines
27:59 Husbandry
27:23 Light Cavalry
28:13 Scale Barding Armor
28:19 Forging
29:30 Chain Barding Armor
29:45 Iron Casting
29:01 Fletching
29:24 Elite Leitis
30:08 Scale Mail Armor
30:46 Plate Barding Armor
31:52 Conscription
31:36 Bodkin Arrow
32:03 Ballistics
33:05 Bracer
33:05 Padded Archer Armor
32:53 Elite Skirmisher
33:59 Tower Shields
34:56 Leather Archer Armor
36:07 Ring Archer Armor
36:44 Chemistry
39:21 Coinage
[QHB]Hammer warriors
10:28 Feudal Age
11:20 Double-Bit Axe
14:41 Castle Age
12:23 Horse Collar
16:09 Bow Saw
16:03 Heavy Plow
20:25 Wheelbarrow
20:37 Gold Mining
25:38 Imperial Age
24:44 Fletching
26:23 Bodkin Arrow
29:34 Chemistry
28:54 Ballistics
28:36 Bracer
30:24 Conscription
31:23 Hand Cart
31:37 Elite Genoese Crossbowman
32:30 Padded Archer Armor
34:19 Leather Archer Armor
38:25 Thumb Ring
41:56 Ring Archer Armor
Long-Long-Way
10:32 Feudal Age
14:28 Castle Age
13:03 Loom
13:19 Double-Bit Axe
16:30 Town Watch
17:46 Fletching
19:43 Bodkin Arrow
21:14 Scale Barding Armor
25:35 Chain Barding Armor
37:37 Bow Saw
44:50 Wheelbarrow
43:58 Horse Collar
SOYO
10:58 Feudal Age
11:31 Double-Bit Axe
11:29 Horse Collar
14:50 Castle Age
15:51 Bow Saw
27:23 Loom
31:32 Imperial Age
31:35 Fletching
32:44 Scale Mail Armor
32:54 Forging
33:15 Bodkin Arrow
38:36 Wheelbarrow
38:23 Hamask
39:57 Hand Cart
40:15 Conscription
40:06 Squires
39:52 Arson
40:19 Elite Jomsviking
41:46 Chain Mail Armor
42:08 Iron Casting
44:49 Blast Furnace
44:05 Chain Mail Armor
wuy352
9:56 Feudal Age
10:47 Double-Bit Axe
13:36 Castle Age
11:53 Horse Collar
14:42 Bow Saw
22:59 Wheelbarrow
27:59 Imperial Age
25:20 Loom
25:21 Town Watch
25:43 Squires
25:29 Gambesons
25:53 Scale Mail Armor
26:27 Hand Cart
26:32 Forging
27:22 Chain Mail Armor
26:28 Pikeman
29:12 Iron Casting
29:20 Plate Mail Armor
28:35 Shield Wall
30:18 Iron Casting
29:25 Elite Varangian Guard
31:05 Conscription
32:09 Iron Casting
33:16 Arson
mmr
10:46 Feudal Age
13:45 Castle Age
11:33 Double-Bit Axe
11:38 Horse Collar
13:52 Wheelbarrow
14:45 Bow Saw
14:49 Heavy Plow
22:45 Gold Mining
23:34 Hand Cart
24:14 Gold Shaft Mining
27:34 Imperial Age
26:41 Scale Barding Armor
26:49 Bloodlines
26:39 Husbandry
27:44 Chain Barding Armor
27:34 Forging
28:24 Elite Battle Elephant
30:15 Iron Casting
31:39 Plate Barding Armor
32:05 Blast Furnace
34:08 Crop Rotation
35:23 Coinage
41:52 Heavy Scorpion
43:49 Conscription
43:31 Double Crossbow
43:59 Ballistics
44:40 Chemistry
43:45 Siege Engineers
chunfeng
9:40 Feudal Age
11:24 Double-Bit Axe
11:24 Horse Collar
13:45 Castle Age
13:12 Loom
16:15 Fletching
22:22 Gold Mining
24:08 Bodkin Arrow
26:45 Wheelbarrow
31:29 Imperial Age
29:29 Ballistics
30:49 Fortified Wall
32:15 Bracer
33:24 Chemistry
33:41 Bow Saw
35:51 Conscription
37:31 Elite Genoese Crossbowman
39:45 Hoardings
Connection lost

Rejoining the realm…

Still unreachable

The connection could not be restored.

Session expired

The server has moved on; the page needs a fresh start.